 Dungeon Crawl Stone Soup version 0.27.0-1-g7a089689b8 (webtiles) character file.

Game seed: 8577852159926086019

825 ZARRMARR the Quickloader (level 8, 0/48 HPs)
             Began as a Kobold Hunter on Aug 14, 2021.
             Blown up by Pikel (33 damage)
             ... with a mindburst bolt
             ... on level 5 of the Dungeon.
             The game lasted 00:29:48 (4764 turns).

ZARRMARR the Quickloader (Kobold Hunter)            Turns: 4764, Time: 00:29:48

Health: 0/48       AC:  8    Str:  9    XL:     8   Next: 17%
Magic:  8/8        EV: 15    Int: 13    God:
Gold:   197        SH:  0    Dex: 17    Spells: 7/7 levels left

rFire    . . .     SeeInvis .   a - +1 hand crossbow
rCold    . . .     Faith    .   (shield restricted)
rNeg     . . .     Spirit   .   c - +0 leather armour
rPois    .         Reflect  .   n - +0 helmet
rElec    .         Harm     .   (no cloak)
rCorr    .         Rampage  .   u - +0 pair of gloves
Will     .....                  i - +2 pair of boots
Stlth    +++.......             (no amulet)
HPRegen  0.16/turn              p - +4 ring of slaying
MPRegen  0.11/turn              b - ring of flight

@: flying
A: small, no large weapons, nightstalker 3
a: no special abilities


You were on level 5 of the Dungeon.
You visited 1 branch of the dungeon, and saw 5 of its levels.

You collected 197 gold pieces.

Inventory:

Hand Weapons
 a - a +1 hand crossbow (weapon)
 o - a +0 dagger of venom
 v - a +2 long sword of freezing
Missiles
 d - 19 bolts (quivered ammo)
 k - 6 datura-tipped darts
 t - 3 throwing nets
Armour
 c - a +0 leather armour (worn)
 i - a +2 pair of boots (worn)
 n - a +0 helmet (worn)
 u - a +0 pair of gloves (worn)
Magical Staves
 m - a staff of air
Jewellery
 b - a ring of flight (right hand)
 p - a +4 ring of slaying (left hand)
Wands
 g - a wand of polymorph (6)
Scrolls
 e - 2 scrolls of enchant armour
 h - a scroll of noise
 l - a scroll of teleportation
 r - a scroll of immolation
 s - a scroll of fear
 x - a scroll of amnesia {unknown}
Potions
 f - a potion of mutation {unknown}
 j - 3 potions of heal wounds {unknown}
 q - a potion of flight {unknown}
 w - a potion of might {unknown}
 z - a potion of attraction {unknown}


   Skills:
 + Level 3.8 Fighting
 + Level 4.4 Short Blades
 + Level 0.1(1.5) Long Blades
 + Level 8.2 Crossbows
 + Level 0.1 Throwing
 + Level 2.6 Armour
 + Level 3.3 Dodging
 + Level 2.9 Stealth
 * Level 0.4 Spellcasting
 * Level 0.4 Hexes


You had 7 spell levels left.
You didn't know any spells.
Your spell library contained the following spells:

 Spells                   Type           Power      Damage    Failure   Level
 Passwall                 Tmut/Erth      0%         N/A       52%         2
 Frozen Ramparts          Ice            0%         1d2       77%         3
 Swiftness                Air            0%         N/A       77%         3
 Ice Form                 Ice/Tmut       0%         N/A       99%         4
 Summon Ice Beast         Ice/Summ       0%         N/A       99%         4
 Invisibility             Hex            0%         N/A       100%        6


Dungeon Overview and Level Annotations

Branches:
Dungeon (5/15)
 Temple: D:4-7

Altars:
Ashenzari
Cheibriados

Shops:
D:3 (

Annotations:
D:5 Pikel


Innate Abilities, Weirdness & Mutations

You are small and have problems with some larger weapons.
You are completely attuned to the shadows.


Message History

Pikel the Slaver comes into view.
He is wielding a +1 whip of freezing, wearing a +2 robe of resistance and carrying a wand of mindburst (11).
You see here a smoky inky potion.
Fire: 21 bolts
Press: ? - help, Q - select action, (/) - cycle Shift-Dir - straight line, f - Pikel
Aim: Pikel, wielding a +1 whip of freezing, wearing a +2 robe of resistance and carrying a wand of mindburst (11) (wandering, hasn't noticed you, 67% to hit)
You shoot a bolt.
Pikel shouts!
The bolt hits Pikel!
Pikel is lightly wounded.
You hear a shout!
A lemure comes into view.
Fire: 20 bolts
Press: ? - help, Q - select action, (/) - cycle Shift-Dir - straight line, f/p - Pikel
Aim: Pikel, wielding a +1 whip of freezing, wearing a +2 robe of resistance and carrying a wand of mindburst (11) (lightly wounded, 67% to hit)
You shoot a bolt. The bolt closely misses Pikel.
The lemure shouts!
You hear an angry hiss.
Fire: 19 bolts
Press: ? - help, Q - select action, (/) - cycle Shift-Dir - straight line, f/p - Pikel
Aim: Pikel, wielding a +1 whip of freezing, wearing a +2 robe of resistance and carrying a wand of mindburst (11) (lightly wounded, 67% to hit)
Okay, then.
Press: ? - help, v - describe, . - travel
Here: Pikel, wielding a +1 whip of freezing, wearing a +2 robe of resistance and carrying a wand of mindburst (11) (lightly wounded)
The floor.
Your +0 dagger of venom begins to drip with poison!
o - a +0 dagger of venom (weapon)
A lemure comes into view.
You hit Pikel but do no damage.
Pikel is lightly wounded.
You hit Pikel.
Pikel is poisoned.
Pikel is moderately wounded.
Pikel hits you with a +1 whip of freezing.
Pikel freezes you.
Pikel zaps a wand.
Your mind is blasted!
Pikel zaps a wand.
You struggle to resist.
Your +0 dagger of venom stops dripping with poison.
a - a +1 hand crossbow (weapon)
Pikel zaps a wand.
Your mind is blasted!
Ouch! That really hurt!
You die...

#<.#### ######### #######..#
#.......# #........# .#
#.#####.### #.######.# #.# #.#
#...# #.# #.# ##.##
#.#######.########.######.###....
........)........................
#.#######.########..<.....#......
..# #####...K...@.......#.#.#....
..^ ......5######.#.#...#.#.#....
..########.# #.#.#.#.#.#.#....
...5K#### #.#.#..... #...#
....5.... .#....... #....
....!.... .###.########.#.
.[....(.. ................
.......(. ####.########.#.
.......(. #.# #......


You could see Pikel (poisoned).

Vanquished Creatures
  An ogre (D:4)
  A phantom (D:4)
  A centaur (D:5)
  2 lemures (D:5)
  A scorpion (D:4)
  3 wights (D:4)
  A jelly (D:3)
  A bullfrog skeleton (D:3)
  An orc priest (D:4)
  A centaur skeleton (D:4)
  2 orc wizards (D:4)
  A hound skeleton (D:4)
  Robin (D:3)
  6 gnolls (D:3)
  5 adders
  An ufetubus (D:5)
  A worm (D:5)
  5 dart slugs
  4 orcs
  4 bats
  5 endoplasms
  5 giant cockroaches
  18 goblins
  6 hobgoblins
  6 jackals (D:3)
  2 quokkas
  11 ball pythons
  3 frilled lizards
  5 kobolds
  5 rats
109 creatures vanquished.

Vanquished Creatures (collateral kills)
  2 orcs (D:4)
  3 goblins (D:3)
5 creatures vanquished.

Grand Total: 114 creatures vanquished

Notes
Turn   | Place    | Note
-------+----------+-------------------------------------------
     0 | D:1      | ZARRMARR the Kobold Hunter began the quest for the Orb.
     0 | D:1      | Reached XP level 1. HP: 12/12 MP: 1/1
    90 | D:1      | Reached skill level 5 in Crossbows
   122 | D:1      | Found a faded altar of an unknown god.
   129 | D:1      | Reached XP level 2. HP: 17/17 MP: 2/2
   543 | D:1      | Reached XP level 3. HP: 21/21 MP: 3/3
   933 | D:2      | Reached skill level 6 in Crossbows
  1113 | D:2      | Reached XP level 4. HP: 27/27 MP: 4/4
  1721 | D:3      | Reached XP level 5. HP: 29/32 MP: 5/5
  2164 | D:3      | Noticed Robin
  2188 | D:3      | HP: 1/32 [Robin (4)]
  2195 | D:3      | Killed Robin
  2196 | D:3      | Reached skill level 1 in Armour
  2433 | D:3      | Found a snail-covered altar of Cheibriados.
  2681 | D:3      | Reached XP level 6. HP: 37/37 MP: 6/6
  2719 | D:3      | Reached skill level 7 in Crossbows
  2985 | D:3      | Found Acra's Antique Weapon Shoppe.
  2995 | D:3      | Found a broken altar of Ashenzari.
  3389 | D:4      | Reached skill level 1 in Short Blades
  3552 | D:4      | Reached XP level 7. HP: 23/41 MP: 7/7
  3981 | D:4      | Reached skill level 8 in Crossbows
  4012 | D:4      | Reached XP level 8. HP: 44/47 MP: 8/8
  4301 | D:5      | Entered Level 5 of the Dungeon
  4748 | D:5      | Noticed Pikel
  4764 | D:5      | Blown up by Pikel

Illustrated notes

Levels and vault maps discovered:
D:1:      denvon_arrival_waterhouse, layout_basic, basic_ecumenical_altar
D:2:      layout_rooms
D:3:      kennysheep_goblin_castle, layout_basic, ashenzari_conservatory_becter,
          cheibriados_altar_1, serial_shops,
          nicolae_shop_temple_entry_statues_fountains
D:4:      layout_basic
D:5:      layout_basic, minmay_temple_entry_from_below_b, uniq_pikel

Skill      XL: |  1  2  3  4  5  6  7 |
---------------+----------------------+-----
Crossbows      | 5 6 7 8 |  8.2
Fighting       | 3 |  3.8
Stealth        | 2 |  2.9
Armour         | 1 2 |  2.6
Dodging        | 3 |  3.3
Short Blades   | 2 4 |  4.4
Long Blades    | |  0.1
Throwing       | |  0.1
Spellcasting   | |  0.4
Hexes          | |  0.4

Action                   |  1- 3 |  4- 6 |  7- 9 || total
-------------------------+-------+-------+-------++-------
Melee: Short sword       |     7 |    58 |       ||    65
       Dagger            |       |    32 |    51 ||    83
       Long sword        |       |       |     7 ||     7
 Fire: Hand crossbow     |    39 |   104 |    37 ||   180
Throw: Dart              |       |     2 |     4 ||     6
Evoke: Wand              |       |     1 |       ||     1
  Use: Scroll            |       |     4 |     2 ||     6
       Potion            |       |     2 |       ||     2
 Stab: Sleeping          |     3 |     2 |     1 ||     6
Armor: Leather armour    |     1 |    33 |    21 ||    55
Dodge: Dodged            |     8 |   100 |    41 ||   149
       Rpst.: Long sword |       |       |     4 ||     4
